 Dungeon Crawl Stone Soup version 0.18.1-50-g88ac8fd (webtiles) character file.

69 HolyRage the Skirmisher (level 4, -1/44 HPs)
             Began as a Hill Orc Abyssal Knight on Sept 13, 2016.
             Was a Believer of Lugonu.
             Killed from afar by a dart slug (4 damage)
             ... with a slug dart
             ... on level 3 of the Dungeon on Sept 15, 2016.
             The game lasted 00:19:35 (1786 turns).

HolyRage the Skirmisher (Hill Orc Abyssal Knight)   Turns: 1786, Time: 00:19:36

Health: -1/44      AC:  4    Str: 14    XL:     4   Next: 20%
Magic:  5/5        EV: 11    Int: 12    God:    Lugonu [**....]
Gold:   123        SH:  0    Dex: 11    Spells: 0 memorised, 3 levels left

rFire  . . .     SeeInvis .     a - +2 spear
rCold  . . .     Gourm    .     b - +0 leather armour
rNeg   . . .     Faith    .     (no shield)
rPois  .         Spirit   .     (no helmet)
rElec  .         Dismiss  .     (no cloak)
rCorr  .         Reflect  .     (no gloves)
SustAt .         Harm     .     u - +0 pair of boots
MR     .....                    (no amulet)
Stlth  +.........               (no ring)
                                (no ring)

@: not resistant to hostile enchantments, very unstealthy
A: no striking features
a: Depart the Abyss, Bend Space, Renounce Religion


You were on level 3 of the Dungeon.
You worshipped Lugonu.
Lugonu was pleased with you.
You were not hungry.

You visited 1 branch of the dungeon, and saw 3 of its levels.
You visited the Abyss 1 time.

You collected 123 gold pieces.

Inventory:

Hand Weapons
 a - a +2 spear (weapon)
 q - a +0 hunting sling
Missiles
 e - 4 exploding tomahawks (quivered)
 r - a stone
Armour
 b - a +0 leather armour (worn)
 p - a +1 plate armour
 u - a +0 pair of boots (worn)
Jewellery
 o - an uncursed ring of stealth {unknown}
Scrolls
 g - 2 scrolls of amnesia
 l - a scroll of identify
 s - a scroll of enchant armour
Potions
 f - a potion of flight
 h - 2 potions of curing {unknown}
 j - a potion of mutation {unknown}
 k - a potion of magic {unknown}
 m - 2 potions of heal wounds {unknown}
 n - a potion of resistance {unknown}
Comestibles
 c - a bread ration
 d - 5 meat rations
 i - a beef jerky
 v - 3 fruits


   Skills:
 * Level 5.7 Fighting
 * Level 2.6 Polearms
 - Level 2.1 Armour
 - Level 0.7 Dodging
 - Level 2.4 Invocations


You had 3 spell levels left.
You didn't know any spells.

Dungeon Overview and Level Annotations

Branches:
Dungeon (3/15)

Altars:
Gozag
Kikubaaqudgha
Makhleb
Xom
Zin


Message History

The explosion of tomahawk fragments engulfs the dart slug.
The dart slug is heavily wounded.
The explosion of tomahawk fragments engulfs the orc.
You hear a shout! x5
The orc hits you from afar with a trident.
* * * LOW HITPOINT WARNING * * *
Unknown command.
You hit the dart slug.
The dart slug is severely wounded.
The orc barely misses you.
You hit the dart slug.
The dart slug is almost dead.
The dart slug barely misses you.
The orc hits you from afar with a trident.
* * * LOW HITPOINT WARNING * * *
You hit the dart slug.
The dart slug is almost dead.
The dart slug launches a dart at you. The slug dart hits you!
You die...

#......#.....[......#
#.
#......##....w.....##
#..#
#......###<..##...##
.....###....##
#######.)...#
#........#### .......
#.##.##...# ....%..
.#.###..# .....w..
...>...o#######
........
##......w@....#
#...$...?
###..####....... #..
####### #.. #.# #.


You could see a dart slug and an orc.

Vanquished Creatures
  3 adders
  An ooze (D:2)
  A giant gecko (D:2)
  6 bats
  4 goblins (D:2)
  4 hobgoblins
  7 kobolds
  3 quokkas
  2 giant newts (D:1)
  8 rats
39 creatures vanquished.

Notes
Turn   | Place    | Note
--------------------------------------------------------------
     0 | Abyss:1  | HolyRage the Hill Orc Abyssal Knight began the quest for the Orb.
     0 | Abyss:1  | Reached XP level 1. HP: 19/19 MP: 2/2
     0 | Abyss:1  | Upgraded the game from 0.18.1-48-g4cf74bf to 0.18.1-50-g88ac8fd
    17 | D:1      | Escaped the Abyss
   389 | D:1      | Reached skill level 4 in Fighting
   525 | D:1      | Reached XP level 2. HP: 15/27 MP: 3/3
   907 | D:2      | Found an opulent altar of Gozag.
   928 | D:2      | Reached XP level 3. HP: 34/34 MP: 4/4
   951 | D:2      | Reached skill level 5 in Fighting
  1161 | D:2      | Found a burning altar of Makhleb.
  1170 | D:2      | Found an ancient bone altar of Kikubaaqudgha.
  1198 | D:2      | Found a shimmering altar of Xom.
  1199 | D:2      | Reached ** piety under Lugonu
  1218 | D:2      | Found a glowing silver altar of Zin.
  1705 | D:3      | Reached XP level 4. HP: 30/42 MP: 5/5
  1786 | D:3      | Killed from afar by a dart slug

Skill      XL: |  1  2  3 |
---------------+----------+-----
Fighting       | 4 5 |  5.7
Polearms       | |  2.6
Armour         | |  2.1
Dodging        | |  0.7
Invocations    | |  2.4

Action                   |  1- 3 |  4- 6 || total
-------------------------+-------+-------++-------
Melee: Spear             |   103 |    20 ||   123
Throw: Tomahawk          |     1 |     1 ||     2
  Use: Scroll            |     6 |       ||     6
  Eat: Chunk             |     2 |     1 ||     3
Armor: Leather armour    |    18 |    15 ||    33
Dodge: Dodged            |    52 |    21 ||    73
